 Dungeon Crawl Stone Soup version 0.30-a0-170-g85af917532 (webtiles) character file.

Game seed: 7560037084504710241

354 qw the Shield-Bearer (level 6, 0/37 HPs)
             Began as a Gargoyle Fighter on Oct 1, 2022.
             Slain by a gnoll
             ... wielding a +0 halberd
             ... led by a gnoll bouda
              (3 damage)
             ... on level 4 of the Dungeon.
             The game lasted 00:01:15 (3451 turns).

qw the Shield-Bearer (Gargoyle Fighter)             Turns: 3451, Time: 00:01:15

Health: 0/37       AC: 12    Str: 22    XL:     6   Next: 63%
Magic:  6/6        EV:  8    Int:  8    God:
Gold:   158        SH:  8    Dex:  9    Spells: 5/5 levels left

rFire   . . .      SeeInvis .    Y - +0 war axe
rCold   . . .      Faith    .    l - +0 kite shield
rNeg    + . .      Spirit   .    b - +0 scale mail
rPois   inf        Reflect  .    (no helmet)
rElec   +          Harm     .    (no cloak)
rCorr   .          Rampage  .    (no gloves)
Will    .....                    g - +0 pair of boots
Stlth   ..........               (no amulet)
HPRegen 0.12/turn                (no ring)
MPRegen 0.10/turn                (no ring)

@: no status effects
A: sickness immunity, AC +4, negative energy resistance 1, electricity
resistance, torment resistance 1, petrification resistance
a: no special abilities


You were on level 4 of the Dungeon.
You visited 1 branch of the dungeon, and saw 4 of its levels.

You collected 158 gold pieces.


Innate Abilities, Weirdness & Mutations

You are immune to sickness and miasma.
Your stone body is resilient. (AC +4)
You are immune to poison.
You resist negative energy. (rN+)
You are resistant to electric shocks. (rElec)
You are resistant to unholy torment.
You are immune to petrification.


   Skills:
 + Level 3.5 Fighting
 - Level 5.0 Axes
 - Level 1.1 Throwing
 - Level 3.2 Armour
 - Level 5.0 Shields


You had 5 spell levels left.
You didn't know any spells.
Your spell library was empty.

Inventory:

Hand Weapons
 j - the +3 hand axe "Death Rattle" {flame, rPois}
   (You found it on level 3 of the Dungeon)

   It burns those it strikes, dealing additional fire damage.
   Big, fiery blades are also staple armaments of hydra-hunters.
   rPois:     It protects you from poison.
 Y - a +0 war axe (weapon)
Missiles
 a - 2 silver boomerangs (quivered)
Armour
 b - a +0 scale mail (worn)
 g - a +0 pair of boots (worn)
 l - a +0 kite shield (worn)
Scrolls
 c - a scroll of brand weapon {unknown}
Potions
 d - 3 potions of might
 f - a potion of flight {unknown}
 h - 2 potions of cancellation
 i - a potion of heal wounds {unknown}
 k - a potion of curing

Dungeon Overview and Level Annotations

Branches:
Dungeon (4/15)
 Temple: D:4-7

Altars:
Dithmenos


Message History

The gnoll is severely wounded.
You barely miss the quokka.
The quokka bites you but does no damage.
The gnoll barely misses you. The quokka closely misses you.
You closely miss the gnoll.
The gnoll is severely wounded.
You hit the quokka. The quokka misses you.
A gnoll comes into view. It is wielding a +0 halberd.
You block the gnoll's attack.
The quokka bites you but does no damage.
You block the gnoll's attack. The gnoll hits you but does no damage.
You slash the gnoll!
You kill the gnoll!
You hit the quokka.
The quokka bites you but does no damage.
You block the gnoll's attack. You block the quokka's attack.
You closely miss the quokka.
The quokka is almost dead.
The gnoll hits you from afar with a +0 halberd.
The quokka twitches its whiskers.
The quokka closely misses you. The gnoll closely misses you.
You closely miss the quokka.
The quokka is almost dead.
The quokka barely misses you. The gnoll hits you but does no damage.
The quokka closely misses you.
You closely miss the quokka.
The quokka is almost dead.
The quokka bites you but does no damage.
You block the gnoll's attack. The quokka closely misses you.
You miss the quokka.
The quokka is severely wounded.
The gnoll hits you but does no damage. You block the quokka's attack.
You block the gnoll's attack.
You slash the quokka!
You kill the quokka!
The gnoll barely misses you.
The gnoll shouts!
The gnoll hits you with a +0 halberd.
You die...

##.... .....
#####....
#..<#..g
#)###..
#)).#.# ##.
###.#.#.....
#%@g......
##.)......
#........
#........
#........
#........
#.##.....
#.# .....


You could see 2 gnolls.

Vanquished Creatures
  A scorpion (D:4)
  A howler monkey (D:4)
  A hound (D:4)
  A gnoll bouda (D:4)
  Terence (D:3)
  2 gnolls (D:4)
  8 adders
  A worm (D:2)
  3 orcs (D:4)
  8 bats
  2 endoplasms
  5 giant cockroaches
  7 goblins
  5 hobgoblins
  3 jackals (D:1)
  6 quokkas
  5 ball pythons
  3 frilled lizards
  8 kobolds
  4 rats
75 creatures vanquished.

Notes
Turn   | Place    | Note
-------+----------+-------------------------------------------
     0 | D:1      | qw the Gargoyle Fighter began the quest for the Orb.
     0 | D:1      | Reached XP level 1. HP: 14/14 MP: 1/1
     0 | D:1      | 0 ||| qw: Version: 0.2-a-13-gfc7b4b4
     0 | D:1      | 0 ||| qw: Game counter: 1737
     0 | D:1      | 0 ||| qw: Always use a shield: true
     0 | D:1      | 0 ||| qw: God list: Okawaru
     0 | D:1      | 0 ||| qw: Allow faded altars: false
     0 | D:1      | 0 ||| qw: Do Orc after D:15 true
     0 | D:1      | 0 ||| qw: Do second Lair branch before Depths: true
     0 | D:1      | 0 ||| qw: Lair rune preference: random
     0 | D:1      | 0 ||| qw: Plans: Normal, Zot:1-4, God:TSO, Crypt, Tomb,
                  | Pan, Slime:5, Hells, Abyss, Orb
     0 | D:1      | 0 ||| PLANNING D:1-11
   302 | D:1      | 302 ||| Stepping ~*~*~tactically~*~*~ (stealth).
   305 | D:1      | 305 ||| Stepping ~*~*~tactically~*~*~ (stealth).
   508 | D:1      | Reached XP level 2. HP: 19/19 MP: 2/2
   528 | D:1      | 528 ||| Stepping ~*~*~tactically~*~*~ (stealth).
   681 | D:1      | Reached skill level 3 in Axes
   799 | D:1      | 799 ||| Stepping ~*~*~tactically~*~*~ (stealth).
   808 | D:1      | Reached XP level 3. HP: 23/23 MP: 3/3
   815 | D:1      | 815 ||| Stepping ~*~*~tactically~*~*~ (stealth).
  1126 | D:1      | Found a shadowy altar of Dithmenos.
  1129 | D:1      | 1129 ||| UPGRADING to +0 pair of boots.
  1135 | D:1      | 1135 ||| READING scroll labelled GICYSH CIVAEST.
  1136 | D:1      | 1136 ||| READING scroll labelled ZYOTON MUNOVUN.
  1137 | D:1      | 1137 ||| READING scroll labelled FUOGED XIGO.
  1138 | D:1      | 1138 ||| DRINKING 2 cyan potions.
  1524 | D:2      | Found a faded altar of an unknown god.
  1549 | D:2      | Reached XP level 4. HP: 28/28 MP: 4/4
  1621 | D:2      | 1621 ||| DROPPING +0 club.
  1965 | D:2      | You fall into a shaft and drop 1 floor!
  2156 | D:2      | 2156 ||| READING scroll labelled ZEOSHI NATO.
  2294 | D:3      | 2294 ||| Stepping ~*~*~tactically~*~*~ (stealth).
  2329 | D:3      | 2329 ||| Stepping ~*~*~tactically~*~*~ (stealth).
  2330 | D:3      | 2330 ||| Stepping ~*~*~tactically~*~*~ (stealth).
  2588 | D:3      | Identified the +3 hand axe "Death Rattle" {flame, rPois}
  2590 | D:3      | 2590 ||| DROPPING +0 flail.
  2677 | D:3      | 2677 ||| Stepping ~*~*~tactically~*~*~ (stealth).
  2699 | D:3      | 2699 ||| Stepping ~*~*~tactically~*~*~ (stealth).
  2738 | D:3      | Reached XP level 5. HP: 29/32 MP: 5/5
  2804 | D:3      | Noticed Terence
  2810 | D:3      | Killed Terence
  3033 | D:3      | 3033 ||| UPGRADING to +0 kite shield.
  3043 | D:3      | 3043 ||| DROPPING +0 buckler.
  3044 | D:3      | 3044 ||| READING scroll labelled ASALUO GU WEJO.
  3045 | D:3      | 3045 ||| DRINKING 2 inky potions.
  3072 | D:4      | 3072 ||| Stepping ~*~*~tactically~*~*~ (hiding).
  3099 | D:4      | Reached XP level 6. HP: 13/37 MP: 6/6
  3099 | D:4      | 3099 ||| FLEEEEING.
  3101 | D:4      | 3101 ||| STAIRDANCE
  3300 | D:4      | 3300 ||| Stepping ~*~*~tactically~*~*~ (stealth).
  3359 | D:4      | 3359 ||| Stepping ~*~*~tactically~*~*~ (stealth).
  3371 | D:4      | 3371 ||| Stepping ~*~*~tactically~*~*~ (stealth).
  3425 | D:4      | 3425 ||| Stepping ~*~*~tactically~*~*~ (hiding).
  3426 | D:4      | 3426 ||| Stepping ~*~*~tactically~*~*~ (hiding).
  3437 | D:4      | Reached skill level 1 in Throwing
  3437 | D:4      | 3437 ||| Stepping ~*~*~tactically~*~*~ (stealth).
  3441 | D:4      | HP: 9/37 [gnoll/+0 flail[a gnoll bouda] (8)]
  3446 | D:4      | HP: 2/37 [gnoll/+0 halberd[a gnoll bouda] (6)]
  3451 | D:4      | Slain by a gnoll

Levels and vault maps discovered:
D:1:      dpeg_arrival_lava_altar, layout_rooms, minmay_misc_feat_tiny,
          minmay_bisected
D:2:      layout_basic, basic_ecumenical_altar
D:3:      layout_basic, uniq_terence
D:4:      cheibrodos_pilgrimage, layout_basic, grunt_ashenzari_visionary
          [grunt_ashenzari_visionary_swamp, grunt_ashenzari_visionary_snake],
          nemelex_spade_bored_becter, minmay_shop_mayhem, minmay_cut_off

Skill      XL: |  1  2  3  4  5  6 |
---------------+-------------------+-----
Axes           | 2 3 4 5 |  5.0
Shields        | 4 5 |  5.0
Throwing       | 1 |  1.1
Fighting       | |  3.5
Armour         | |  3.2

Action                   |  1- 3 |  4- 6 || total
-------------------------+-------+-------++-------
Melee: War axe           |   122 |   150 ||   272
Throw: Boomerang         |       |     6 ||     6
  Use: Scroll            |     3 |     2 ||     5
       Potion            |     1 |     1 ||     2
Armor: Scale mail        |    57 |    89 ||   146
Dodge: Dodged            |    60 |    70 ||   130
Block: Buckler           |    23 |    10 ||    33
       Kite shield       |       |    36 ||    36

Table legend:
 A = Non-vault XP
 B = Vault XP
 C = Vault XP percentage of total XP
 D = Non-vault monster count
 E = Vault monster count
 F = Vault count percentage of total count
                 A         B        C        D         E       F
            +---------+---------+-------+---------+---------+-------
      Total |     447 |      60 |  11.8 |      68 |       7 |   9.3
            +---------+---------+-------+---------+---------+-------
        D:1 |      42 |       3 |   6.7 |      24 |       2 |   7.7
        D:2 |      77 |       0 |   0.0 |      17 |       0 |   0.0
        D:3 |      60 |      36 |  37.5 |      15 |       1 |   6.2
        D:4 |     268 |      21 |   7.3 |      12 |       4 |  25.0
            +---------+---------+-------+---------+---------+-------
